 Dungeon Sprint DCSS version 0.26-a0-663-g36e8fdb655 (webtiles) character file.

Game seed: 4858775787635764017

27 sahdkjhfkaj the Digger (level 3, -2/19 HPs)
             Began as a Kobold Earth Elementalist on Oct 12, 2020.
             Was a Follower of Vehumet.
             Slain by a river rat (6 damage)
             ... in the Dungeon (Sprint VII: "The Pits").
             The game lasted 00:00:44 (201 turns).

sahdkjhfkaj the Digger (Kobold Earth Elementalist)   Turns: 201, Time: 00:00:44

Health: -2/19      AC:  2    Str:  5    XL:     3   Next: 25%
Magic:  0/6        EV: 15    Int: 17    God:    Vehumet [*.....]
Gold:   0          SH:  0    Dex: 15    Spells: 2/6 levels left

rFire    . . .     SeeInvis .   a - +2 falchion
rCold    . . .     Faith    .   (shield restricted)
rNeg     . . .     Spirit   .   c - +0 robe
rPois    .         Reflect  .   (no helmet)
rElec    .         Harm     .   (no cloak)
rCorr    .         Rampage  .   (no gloves)
MR       .....     NoTele   +   (no boots)
Stlth    +++.......             (no amulet)
HPRegen  0.06/turn              (no ring)
MPRegen  0.10/turn              (no ring)

@: no status effects
A: small, nightstalker 3
a: Renounce Religion


You were in the Dungeon.
You worshipped Vehumet.
Vehumet was aware of your devotion.
You visited 1 branch

Inventory:

Hand Weapons
 a - a +2 falchion (weapon)
Missiles
 b - 33 stones (quivered)
Armour
 c - a +0 robe (worn)
Scrolls
 i - a scroll of blinking
 k - 3 scrolls of remove curse
 l - 5 scrolls of amnesia
 m - a scroll of summoning
 n - 2 scrolls of vulnerability
Potions
 d - a potion of curing
 e - a potion of heal wounds
 f - a potion of haste
 g - 4 potions of magic
 h - 3 potions of berserk rage
 j - 2 potions of invisibility


   Skills:
 - Level 2.4 Dodging
 - Level 2.6 Stealth
 - Level 2.1 Spellcasting
   Level 1.0 Transmutations
 + Level 6.6 Earth Magic


You had 2 spell levels left.
You knew the following spells:

 Your Spells              Type           Power        Failure   Level
a - Sandblast             Erth           ###...       1%          1
b - Stone Arrow           Conj/Erth      ##....       14%         3

Your spell library contained the following spells:

 Spells                   Type           Power        Failure   Level
 Magic Dart               Conj           #...         19%         1
 Passwall                 Tmut/Erth      ##......     6%          2
 Lee's Rapid Deconstruct  Erth           ###.......   34%         5
 Petrify                  Tmut/Erth      ##......     36%         4


Dungeon Overview and Level Annotations

Branches:
Dungeon (1/1)

Altars:
Ashenzari
Cheibriados
Dithmenos
Elyvilon
Fedhas
Gozag
Hepliaklqana
Kikubaaqudgha
Makhleb
Nemelex Xobeh
Okawaru
Qazlal
Ru
Sif Muna
Trog
Uskayaw
Vehumet
Wu Jian
Xom
Yredelemnul
Zin
The Shining One
Beogh
Jiyva
Lugonu


Innate Abilities, Weirdness & Mutations

You are small and have problems with some larger weapons.
You are completely attuned to the shadows.


Message History

The stone arrow hits the river rat.
The river rat is heavily wounded.
The river rat bites you.
Casting: Stone Arrow (extremely dangerous; 14% risk of failure)
Confirm with . or Enter, or press ? or * to list all spells.
The spell is extremely dangerous to cast (14% risk of failure)!
Continue anyway?
Aiming: Stone Arrow (extremely dangerous; 14% risk of failure)
Press: ? - help, Shift-Dir - straight line, f/p - river rat
Aim: a river rat (heavily wounded)
The stone arrow misses the river rat.
The river rat misses you.
You hit the river rat.
The river rat is almost dead.
The river rat closely misses you.
You riposte.
You closely miss the river rat.
The river rat is almost dead.
You barely miss the river rat.
The river rat is almost dead.
The river rat bites you!
* * * LOW HITPOINT WARNING * * *
The river rat bites you.
You die...

#_________.#
#_______...##########
##########'##........
#....')))'.##......#.
##########.##........
#..........††........
#+#####'#####......#.
#.†#..# #........
#..r@.# ####'####
#..#### #.......# #.
#.......# # #.......#
#...<...# #.......#
#.......# #.......#
#########


You could see a river rat.

Vanquished Creatures
  An adder (D)
  A river rat (D)
  An ufetubus (D)
  2 jackals (D)
  A frilled lizard (D)
6 creatures vanquished.

Notes
Turn   | Place    | Note
-------+----------+-------------------------------------------
     0 | D        | sahdkjhfkaj the Kobold Earth Elementalist began the quest
                  | for the Orb.
     0 | D        | Reached XP level 1. HP: 10/10 MP: 3/3
    15 | D        | Reached skill level 4 in Earth Magic
    67 | D        | Found a bloodstained altar of Trog.
    67 | D        | Found a shimmering blue altar of Sif Muna.
    67 | D        | Found a viscous altar of Jiyva.
    67 | D        | Found a hazy altar of Hepliaklqana.
    67 | D        | Found an opulent altar of Gozag.
    68 | D        | Found a glowing golden altar of the Shining One.
    68 | D        | Found a glowing silver altar of Zin.
    68 | D        | Found a sacrificial altar of Ru.
    68 | D        | Found a stormy altar of Qazlal.
    68 | D        | Found a blossoming altar of Fedhas.
    72 | D        | Found a white marble altar of Elyvilon.
    72 | D        | Found an iron altar of Okawaru.
    72 | D        | Found a basalt altar of Yredelemnul.
    73 | D        | Found a shadowy altar of Dithmenos.
    73 | D        | Found a sparkling altar of Nemelex Xobeh.
    73 | D        | Found a shimmering altar of Xom.
    74 | D        | Found a snail-covered altar of Cheibriados.
    74 | D        | Found a burning altar of Makhleb.
    74 | D        | Found an ornate altar of the Wu Jian Council.
    75 | D        | Found a roughly hewn altar of Beogh.
    75 | D        | Found a corrupted altar of Lugonu.
    75 | D        | Found a radiant altar of Vehumet.
    76 | D        | Found a broken altar of Ashenzari.
    76 | D        | Found an ancient bone altar of Kikubaaqudgha.
    76 | D        | Found a hide-covered altar of Uskayaw.
    82 | D        | Became a worshipper of Vehumet
   125 | D        | Reached skill level 5 in Earth Magic
   125 | D        | Reached XP level 2. HP: 15/15 MP: 3/5
   163 | D        | Reached * piety under Vehumet
   163 | D        | Offered knowledge of Magic Dart by Vehumet.
   163 | D        | Reached skill level 6 in Earth Magic
   164 | D        | Reached XP level 3. HP: 19/19 MP: 3/6
   197 | D        | Learned a level 3 spell: Stone Arrow
   201 | D        | Slain by a river rat

Illustrated notes

Levels and vault maps discovered:
D:        pitsprint [storerooms_1, entrance_room_1, metal_vault_6, armoury_1,
          mini_pit_1, grid_room_1, main_hall_1, silver_pit, the_coven_1,
          the_vestibule_1, steel_vault_4, golden_pit, hallway_of_sentries,
          crystal_vault_1, iron_vault_4, final_vault]

Skill      XL: |  1  2 |
---------------+-------+-----
Earth Magic    | 5 6 |  6.6
Dodging        | |  2.4
Stealth        | |  2.6
Spellcasting   | |  2.1
Transmutations | |  1.0

Action                   || total
-------------------------++-------
Melee: Unarmed           ||     1
       Falchion          ||     2
 Cast: Sandblast         ||     7
       Stone Arrow       ||     2
Dodge: Dodged            ||     4
       Rpst.: Falchion   ||     1

Table legend: (Time is in decaauts)
 A = Elapsed time spent in this place.
 B = Non-inter-level travel time spent in this place.
 C = Inter-level travel time spent in this place.
 D = Time resting spent in this place.
 E = Time spent auto-exploring this place.
 F = Levels seen in this place.
 G = Mean time per level.
                   A        B        C        D        E       F      G
               +--------+--------+--------+--------+--------+-----+--------+
         Total |    200 |    200 |      0 |     92 |      0 |   1 |  200.0 |
       Dungeon |    200 |    200 |      0 |     92 |      0 |   1 |  200.0 |
               +--------+--------+--------+--------+--------+-----+--------+

Top non-repeatable levels by time:
       D: 200 daAuts
